General information
- name: BNet
- type: Ladder team game (AT/RT)
- host: Battle.net
- saver: Lenin
map: DragonFalls
- players: 8
- length: 49:57
- speed: Fast
- version: 1.26 W3XP
- replay type: Public
» download(289 KB)
Players
team 1 (loser)

»
AT2 (
green | 42 APM | 1828 actions | 43:24)
5 Archmage
3 Summon Water Elemental
2 Brilliance Aura
» actions
| Assign group hotkey | 45 | |
| Basic commands | 33 | |
| Build / train | 92 | |
| ESC pressed | 4 | |
| Enter build submenu | 36 | |
| Enter hero's abilities submenu | 5 | |
| Right click | 880 | |
| Select / deselect | 369 | |
| Select group hotkey | 244 | |
| Use ability | 120 | |
1828 total
» units
| Peasant | 31 | |
| Footman | 6 | |
| Gryphon Rider | 8 | |
| Dragonhawk Rider | 3 | |
48 total
» upgrades
| Lumber Harvesting | 1 | |
| Storm Hammers | 1 | |
| Masonry | 1 | |
| Moon Armor | 1 | |
| Strength of the Moon | 1 | |
5 total
» buildings
| Altar of Kings | 1 | |
| Farm | 13 | |
| Barracks | 1 | |
| Keep | 3 | |
| Lumber Mill | 1 | |
| Blacksmith | 1 | |
| Castle | 2 | |
| Gryphon Aviary | 2 | |
| Arcane Vault | 1 | |
| Guard Tower | 22 | |
| Scout Tower | 20 | |
| Arcane Tower | 2 | |
69 total
» build order
00:09 Altar of Kings
00:13 Farm
00:19 Barracks
00:51 Farm
02:36 Keep
02:45 Farm
02:48 Farm
04:33 Farm
04:54 Lumber Mill
05:52 Blacksmith
06:15 Castle
07:00 Gryphon Aviary
07:01 Gryphon Aviary
08:28 Farm
08:29 Farm
08:30 Farm
08:30 Farm
08:32 Farm
11:28 Farm
11:28 Farm
11:34 Farm
13:38 Arcane Vault
19:52 Guard Tower
19:52 Guard Tower
20:03 Scout Tower
20:06 Scout Tower
20:07 Scout Tower
20:10 Scout Tower
20:18 Scout Tower
20:21 Scout Tower
20:22 Scout Tower
20:28 Scout Tower
20:30 Scout Tower
20:32 Scout Tower
20:35 Scout Tower
20:36 Scout Tower
20:38 Scout Tower
20:40 Scout Tower
20:41 Scout Tower
20:43 Scout Tower
20:48 Scout Tower
20:51 Scout Tower
20:53 Scout Tower
20:54 Scout Tower
21:09 Guard Tower
21:10 Guard Tower
21:18 Guard Tower
21:19 Guard Tower
21:25 Guard Tower
21:33 Guard Tower
21:33 Guard Tower
21:56 Guard Tower
22:45 Arcane Tower
23:04 Guard Tower
23:05 Guard Tower
23:13 Guard Tower
23:13 Guard Tower
23:13 Guard Tower
24:04 Guard Tower
» items
WeirdAl (
pink | 95 APM | 4768 actions | 49:55)
9 Archmage
3 Summon Water Elemental
3 Brilliance Aura
1 Mass Teleport
2 Blizzard
» actions
| Assign group hotkey | 516 | |
| Basic commands | 275 | |
| Build / train | 109 | |
| Enter build submenu | 66 | |
| Enter hero's abilities submenu | 10 | |
| Give item / drop item | 6 | |
| Remove unit from queue | 1 | |
| Right click | 1275 | |
| Select / deselect | 600 | |
| Select group hotkey | 1749 | |
| Use ability | 161 | |
4768 total
» units
| Peasant | 15 | |
| Footman | 9 | |
| Goblin Shredder | 2 | |
| Goblin Zeppelin | 1 | |
| Gryphon Rider | 6 | |
| Green Dragon | 8 | |
| Mortar Team | 5 | |
46 total
» upgrades
| Lumber Harvesting | 1 | |
| Masonry | 3 | |
| Storm Hammers | 1 | |
| Swords | 3 | |
| Armor | 3 | |
| Animal War Training | 1 | |
| Cloud | 1 | |
| Gunpowder | 3 | |
| Plating | 3 | |
| Fragmentation Shards | 1 | |
| Flare | 1 | |
| Barrage | 1 | |
| Flak Cannons | 1 | |
23 total
» buildings
| Altar of Kings | 1 | |
| Barracks | 1 | |
| Farm | 14 | |
| Lumber Mill | 2 | |
| Keep | 2 | |
| Town Hall | 6 | |
| Arcane Vault | 2 | |
| Scout Tower | 44 | |
| Arcane Tower | 2 | |
| Guard Tower | 7 | |
| Castle | 2 | |
| Gryphon Aviary | 7 | |
| Blacksmith | 2 | |
| Workshop | 3 | |
95 total
» build order
00:53 Altar of Kings
00:54 Barracks
01:07 Farm
01:08 Farm
01:10 Farm
01:55 Farm
02:52 Lumber Mill
03:46 Keep
04:22 Town Hall
04:32 Arcane Vault
04:46 Scout Tower
04:47 Scout Tower
04:50 Scout Tower
05:02 Farm
05:40 Arcane Tower
05:42 Guard Tower
06:34 Castle
08:24 Gryphon Aviary
08:25 Gryphon Aviary
08:27 Gryphon Aviary
08:28 Gryphon Aviary
09:28 Town Hall
09:57 Scout Tower
09:59 Scout Tower
10:00 Scout Tower
10:02 Scout Tower
10:16 Lumber Mill
10:23 Scout Tower
10:25 Scout Tower
10:27 Scout Tower
10:30 Scout Tower
10:32 Scout Tower
10:35 Scout Tower
10:51 Guard Tower
11:14 Farm
11:32 Guard Tower
11:53 Arcane Tower
12:24 Scout Tower
12:25 Scout Tower
12:26 Scout Tower
12:27 Scout Tower
12:28 Scout Tower
12:29 Scout Tower
12:29 Scout Tower
12:30 Scout Tower
12:31 Scout Tower
12:36 Scout Tower
12:37 Scout Tower
12:38 Scout Tower
12:41 Scout Tower
12:43 Scout Tower
12:45 Scout Tower
12:45 Scout Tower
12:46 Scout Tower
13:05 Blacksmith
13:19 Blacksmith
14:12 Guard Tower
14:55 Guard Tower
15:13 Arcane Vault
17:30 Guard Tower
20:32 Gryphon Aviary
20:33 Gryphon Aviary
21:52 Gryphon Aviary
23:38 Town Hall
24:01 Farm
25:15 Town Hall
29:27 Scout Tower
29:28 Scout Tower
29:28 Scout Tower
29:30 Scout Tower
29:31 Scout Tower
29:31 Scout Tower
29:31 Scout Tower
29:32 Scout Tower
29:33 Scout Tower
29:33 Scout Tower
29:34 Scout Tower
29:34 Scout Tower
29:35 Scout Tower
29:35 Scout Tower
30:54 Guard Tower
32:21 Workshop
32:22 Workshop
32:24 Workshop
32:42 Farm
32:42 Farm
35:22 Town Hall
37:21 Keep
40:12 Town Hall
41:18 Castle
44:26 Farm
44:28 Farm
44:31 Farm
44:33 Farm
44:34 Farm
» items
| Scroll of Regeneration | 7 | |
| Periapt of Vitality | 2 | |
| Potion of Healing | 3 | |
| Scroll of Town Portal | 1 | |
| Mechanical Critter | 3 | |
16 total
Taael (
red | 44 APM | 1972 actions | 45:19)
4 Archmage
2 Summon Water Elemental
2 Brilliance Aura
3 Mountain King
2 Storm Bolt
1 Bash
» actions
| Assign group hotkey | 16 | |
| Basic commands | 54 | |
| Build / train | 95 | |
| ESC pressed | 23 | |
| Enter build submenu | 53 | |
| Enter hero's abilities submenu | 7 | |
| Give item / drop item | 3 | |
| Right click | 1029 | |
| Select / deselect | 535 | |
| Select group hotkey | 42 | |
| Use ability | 115 | |
1972 total
» units
| Peasant | 17 | |
| Footman | 15 | |
| Rifleman | 4 | |
| Priest | 2 | |
| Knight | 1 | |
| Furbolg Shaman | 1 | |
40 total
» upgrades
| Defend | 1 | |
| Swords | 3 | |
| Lumber Harvesting | 2 | |
| Priest Training | 3 | |
| Long Rifles | 1 | |
| Magic Sentry | 1 | |
| Plating | 3 | |
| Animal War Training | 1 | |
| Gunpowder | 3 | |
| Sorceress Training | 2 | |
| Control Magic | 1 | |
| Armor | 1 | |
22 total
» buildings
| Altar of Kings | 1 | |
| Farm | 15 | |
| Barracks | 3 | |
| Lumber Mill | 2 | |
| Keep | 1 | |
| Blacksmith | 2 | |
| Arcane Sanctum | 2 | |
| Arcane Vault | 1 | |
| Scout Tower | 25 | |
| Guard Tower | 17 | |
| Castle | 1 | |
| Arcane Tower | 1 | |
| Town Hall | 2 | |
| Workshop | 1 | |
74 total
» build order
00:07 Altar of Kings
00:13 Farm
00:18 Barracks
00:25 Barracks
00:56 Farm
01:41 Lumber Mill
03:11 Keep
03:17 Farm
03:40 Blacksmith
05:57 Arcane Sanctum
06:11 Farm
06:15 Arcane Vault
06:52 Farm
08:29 Scout Tower
08:30 Scout Tower
08:31 Scout Tower
08:41 Scout Tower
08:54 Guard Tower
09:06 Guard Tower
09:12 Guard Tower
10:14 Farm
11:11 Castle
12:33 Scout Tower
13:01 Arcane Tower
13:12 Lumber Mill
13:29 Barracks
14:41 Farm
14:42 Farm
14:47 Scout Tower
14:48 Scout Tower
14:48 Scout Tower
14:48 Scout Tower
14:49 Scout Tower
15:01 Scout Tower
15:29 Guard Tower
15:29 Guard Tower
15:29 Guard Tower
16:40 Town Hall
16:42 Guard Tower
16:51 Farm
16:52 Farm
16:52 Farm
16:53 Farm
17:06 Guard Tower
17:24 Guard Tower
17:24 Guard Tower
17:56 Blacksmith
18:40 Scout Tower
18:41 Scout Tower
18:42 Scout Tower
19:05 Farm
19:05 Farm
19:05 Farm
19:54 Arcane Sanctum
20:30 Town Hall
20:37 Scout Tower
20:38 Scout Tower
20:40 Scout Tower
20:44 Scout Tower
20:45 Scout Tower
20:46 Scout Tower
20:46 Scout Tower
20:53 Scout Tower
21:04 Workshop
21:09 Guard Tower
21:09 Guard Tower
21:10 Guard Tower
21:17 Guard Tower
21:17 Guard Tower
21:21 Scout Tower
21:22 Scout Tower
21:23 Guard Tower
21:30 Scout Tower
21:41 Guard Tower
» items
| Scroll of Regeneration | 2 | |
| Potion of Healing | 1 | |
| Scroll of Town Portal | 1 | |
4 total
bimmer4life (
orange | 29 APM | 798 actions | 27:40)
4 Warden
2 Shadow Strike
2 Blink
» actions
| Basic commands | 6 | |
| Build / train | 59 | |
| Enter build submenu | 25 | |
| Enter hero's abilities submenu | 4 | |
| Give item / drop item | 1 | |
| Right click | 434 | |
| Select / deselect | 236 | |
| Use ability | 33 | |
798 total
» units
| Wisp | 19 | |
| Goblin Shredder | 2 | |
| Hippogryph | 8 | |
| Chimaera | 5 | |
34 total
» upgrades
| Ultravision | 1 | |
| Strength of the Wild | 3 | |
| Reinforced Hides | 3 | |
| Well Spring | 1 | |
| Corrosive Breath | 1 | |
9 total
» buildings
| Moon Well | 7 | |
| Altar of Elders | 1 | |
| Hunter's Hall | 1 | |
| Ancient of Wonders | 1 | |
| Ancient Protector | 4 | |
| Tree of Ages | 3 | |
| Tree of Eternity | 3 | |
| Ancient of Wind | 1 | |
| Chimaera Roost | 2 | |
| Tree of Life | 1 | |
24 total
» build order
00:38 Moon Well
01:19 Altar of Elders
01:50 Hunter's Hall
02:12 Ancient of Wonders
02:19 Moon Well
06:31 Ancient Protector
06:33 Ancient Protector
06:55 Ancient Protector
07:44 Moon Well
08:07 Moon Well
09:36 Tree of Ages
09:36 Tree of Ages
09:41 Moon Well
09:48 Moon Well
11:02 Ancient Protector
11:57 Tree of Eternity
11:57 Tree of Eternity
12:06 Ancient of Wind
14:31 Chimaera Roost
14:32 Chimaera Roost
15:30 Moon Well
23:11 Tree of Life
» items
| Dust of Appearance | 1 | |
| Boots of Speed | 1 | |
| Periapt of Vitality | 1 | |
| Staff of Teleportation | 1 | |
| Orb of Venom | 1 | |
5 total
team 2 (winner)
Lenin (
yellow | 62 APM | 3121 actions | 49:57)
6 Blood Mage
3 Flame Strike
2 Siphon Mana
1 Summon Phoenix
» actions
| Assign group hotkey | 34 | |
| Basic commands | 212 | |
| Build / train | 191 | |
| ESC pressed | 8 | |
| Enter build submenu | 75 | |
| Enter hero's abilities submenu | 6 | |
| Give item / drop item | 7 | |
| Right click | 1046 | |
| Select / deselect | 650 | |
| Select group hotkey | 681 | |
| Use ability | 211 | |
3121 total
» units
| Peasant | 28 | |
| Footman | 10 | |
| Dragonhawk Rider | 4 | |
| Sorceress | 2 | |
| Siege Engine | 2 | |
| Goblin Shredder | 3 | |
49 total
» upgrades
| Masonry | 3 | |
| Defend | 1 | |
| Swords | 3 | |
| Lumber Harvesting | 2 | |
| Armor | 3 | |
| Sorceress Training | 2 | |
| Magic Sentry | 1 | |
| Animal War Training | 1 | |
| Barrage | 1 | |
| Plating | 3 | |
| Cloud | 1 | |
| Storm Hammers | 1 | |
| Gunpowder | 4 | |
| Priest Training | 2 | |
| Control Magic | 1 | |
| Long Rifles | 1 | |
| Flak Cannons | 1 | |
| Flying Machine Bombs | 1 | |
| Fragmentation Shards | 1 | |
| Flare | 1 | |
| Backpack | 1 | |
35 total
» buildings
| Altar of Kings | 1 | |
| Farm | 11 | |
| Barracks | 1 | |
| Arcane Vault | 2 | |
| Town Hall | 4 | |
| Scout Tower | 41 | |
| Lumber Mill | 1 | |
| Arcane Tower | 2 | |
| Guard Tower | 52 | |
| Keep | 2 | |
| Blacksmith | 1 | |
| Gryphon Aviary | 4 | |
| Arcane Sanctum | 1 | |
| Castle | 2 | |
| Workshop | 2 | |
127 total
» build order
00:04 Altar of Kings
00:15 Farm
00:19 Barracks
01:01 Farm
01:58 Farm
03:19 Arcane Vault
03:37 Town Hall
04:11 Farm
04:38 Scout Tower
05:18 Lumber Mill
05:22 Arcane Tower
05:57 Farm
06:55 Scout Tower
06:57 Scout Tower
06:58 Scout Tower
07:38 Guard Tower
07:38 Guard Tower
07:47 Keep
07:48 Keep
08:34 Blacksmith
08:47 Scout Tower
08:48 Scout Tower
08:50 Scout Tower
09:13 Scout Tower
09:16 Scout Tower
09:19 Guard Tower
09:20 Guard Tower
09:43 Guard Tower
09:43 Guard Tower
09:43 Guard Tower
09:43 Guard Tower
10:33 Gryphon Aviary
10:34 Gryphon Aviary
11:01 Arcane Sanctum
11:55 Castle
11:55 Castle
14:53 Farm
14:57 Farm
16:18 Gryphon Aviary
16:19 Gryphon Aviary
17:00 Workshop
17:04 Workshop
23:12 Scout Tower
23:13 Scout Tower
23:15 Scout Tower
23:20 Scout Tower
23:21 Scout Tower
23:45 Farm
23:46 Farm
23:48 Farm
23:48 Farm
23:56 Town Hall
23:58 Guard Tower
23:58 Guard Tower
23:59 Guard Tower
23:59 Guard Tower
24:02 Scout Tower
24:03 Scout Tower
24:04 Scout Tower
24:07 Guard Tower
24:07 Guard Tower
24:10 Town Hall
24:15 Scout Tower
24:21 Scout Tower
24:22 Scout Tower
24:23 Scout Tower
24:55 Guard Tower
25:51 Guard Tower
26:13 Guard Tower
26:52 Guard Tower
26:52 Guard Tower
26:53 Guard Tower
26:53 Guard Tower
29:16 Scout Tower
29:16 Scout Tower
29:18 Scout Tower
29:22 Scout Tower
29:25 Scout Tower
29:46 Guard Tower
31:05 Guard Tower
31:17 Guard Tower
31:53 Arcane Vault
33:11 Scout Tower
33:29 Town Hall
33:33 Scout Tower
33:49 Scout Tower
33:57 Guard Tower
33:58 Guard Tower
34:07 Guard Tower
34:07 Guard Tower
34:12 Scout Tower
34:14 Scout Tower
34:18 Scout Tower
34:18 Guard Tower
34:33 Scout Tower
34:36 Scout Tower
34:39 Guard Tower
34:42 Scout Tower
34:45 Scout Tower
34:46 Guard Tower
34:47 Guard Tower
34:47 Guard Tower
35:11 Guard Tower
35:12 Guard Tower
35:12 Guard Tower
35:46 Guard Tower
36:35 Scout Tower
36:38 Scout Tower
36:39 Scout Tower
36:42 Scout Tower
36:44 Scout Tower
37:15 Guard Tower
37:15 Guard Tower
» items
| Scroll of Regeneration | 10 | |
| Boots of Speed | 1 | |
| Staff of Teleportation | 1 | |
| Scroll of Town Portal | 5 | |
| Potion of Invisibility | 1 | |
| Lesser Clarity Potion | 2 | |
| Potion of Healing | 4 | |
| Potion of Mana | 1 | |
| Mechanical Critter | 3 | |
| Potion of Lesser Invulnerability | 1 | |
29 total
IM-FAT-SO-WHAT (
purple | 63 APM | 3126 actions | 49:56)
5 Blademaster
3 Wind Walk
2 Critical Strike
3 Shadow Hunter
1 Hex
2 Healing Wave
» actions
| Assign group hotkey | 123 | |
| Basic commands | 62 | |
| Build / train | 78 | |
| Enter build submenu | 28 | |
| Enter hero's abilities submenu | 8 | |
| Right click | 1296 | |
| Select / deselect | 276 | |
| Select group hotkey | 1030 | |
| Use ability | 224 | |
3126 total
» units
| Peon | 15 | |
| Troll Batrider | 18 | |
| Wind Rider | 3 | |
| Goblin Shredder | 1 | |
| Goblin Zeppelin | 1 | |
38 total
» upgrades
| Reinforced Defenses | 1 | |
| Liquid Fire | 1 | |
| Ranged Weapons | 3 | |
| Armor | 4 | |
| Envenomed Spears | 1 | |
10 total
» buildings
| Altar of Storms | 1 | |
| Orc Burrow | 6 | |
| War Mill | 2 | |
| Voodoo Lounge | 2 | |
| Watch Tower | 45 | |
| Stronghold | 1 | |
| Fortress | 1 | |
| Beastiary | 2 | |
60 total
» build order
00:21 Altar of Storms
00:33 Orc Burrow
00:51 War Mill
01:15 Voodoo Lounge
01:35 Orc Burrow
02:53 Watch Tower
02:54 Watch Tower
03:01 Watch Tower
03:02 Watch Tower
03:03 Watch Tower
03:04 Watch Tower
03:04 Watch Tower
03:06 Watch Tower
03:06 Watch Tower
03:07 Watch Tower
03:07 Watch Tower
03:37 Stronghold
04:36 Watch Tower
04:36 Watch Tower
04:37 Watch Tower
04:37 Watch Tower
04:38 Watch Tower
06:20 Watch Tower
06:21 Watch Tower
06:21 Watch Tower
06:21 Watch Tower
06:22 Watch Tower
06:35 Watch Tower
06:52 Watch Tower
06:54 Watch Tower
06:54 Watch Tower
06:55 Watch Tower
06:55 Watch Tower
08:40 Fortress
08:57 Orc Burrow
09:40 Watch Tower
09:40 Watch Tower
09:42 Watch Tower
10:29 Beastiary
10:33 Beastiary
10:58 Orc Burrow
12:12 Watch Tower
12:12 Watch Tower
12:14 Watch Tower
12:53 Orc Burrow
13:42 Orc Burrow
14:46 Watch Tower
14:47 Watch Tower
14:50 Watch Tower
23:18 War Mill
31:06 Watch Tower
31:06 Watch Tower
31:33 Watch Tower
31:34 Watch Tower
31:34 Watch Tower
33:50 Voodoo Lounge
34:50 Watch Tower
34:50 Watch Tower
34:50 Watch Tower
» items
| Healing Salve | 1 | |
| Lesser Clarity Potion | 2 | |
| Staff of Teleportation | 2 | |
| Boots of Speed | 1 | |
| Potion of Lesser Invulnerability | 3 | |
| Tiny Great Hall | 1 | |
| Orb of Lightning | 2 | |
| Scroll of Town Portal | 1 | |
13 total

»
NOOBIEONEKONOBI (
teal | 47 APM | 2346 actions | 49:37)
4 Mountain King
2 Storm Bolt
2 Bash
4 Paladin
2 Holy Light
1 Divine Shield
1 Devotion Aura
» actions
| Assign group hotkey | 20 | |
| Basic commands | 2 | |
| Build / train | 81 | |
| Enter build submenu | 37 | |
| Enter hero's abilities submenu | 8 | |
| Right click | 917 | |
| Select / deselect | 335 | |
| Select group hotkey | 894 | |
| Use ability | 52 | |
2346 total
» units
| Peasant | 26 | |
| Footman | 22 | |
| Gryphon Rider | 12 | |
60 total
» upgrades
» buildings
| Altar of Kings | 1 | |
| Barracks | 1 | |
| Farm | 11 | |
| Keep | 1 | |
| Lumber Mill | 3 | |
| Scout Tower | 11 | |
| Guard Tower | 8 | |
| Castle | 1 | |
| Gryphon Aviary | 3 | |
| Town Hall | 5 | |
45 total
» build order
00:23 Altar of Kings
00:28 Barracks
00:38 Farm
01:13 Farm
02:03 Farm
03:09 Farm
03:25 Keep
04:33 Lumber Mill
06:59 Scout Tower
07:02 Scout Tower
07:05 Scout Tower
07:15 Scout Tower
07:23 Scout Tower
07:30 Guard Tower
07:52 Guard Tower
08:56 Scout Tower
09:01 Scout Tower
09:47 Guard Tower
09:53 Guard Tower
10:21 Castle
12:26 Scout Tower
12:29 Scout Tower
12:32 Scout Tower
12:44 Scout Tower
12:55 Guard Tower
12:58 Guard Tower
13:04 Guard Tower
13:13 Guard Tower
13:34 Gryphon Aviary
13:44 Gryphon Aviary
13:49 Gryphon Aviary
14:02 Lumber Mill
14:23 Farm
16:22 Lumber Mill
16:57 Town Hall
17:03 Town Hall
17:20 Town Hall
21:07 Farm
21:15 Farm
21:29 Farm
21:38 Farm
21:51 Farm
23:20 Town Hall
24:56 Farm
31:24 Town Hall
The_Iron-Dagger (
blue | 17 APM | 188 actions | 10:53)
» actions
| Build / train | 4 | |
| ESC pressed | 3 | |
| Enter build submenu | 5 | |
| Right click | 105 | |
| Select / deselect | 64 | |
| Use ability | 7 | |
188 total
» units
» buildings
| Town Hall | 1 | |
| Farm | 1 | |
| Altar of Kings | 1 | |
3 total
» build order
08:38 Town Hall
08:56 Farm
09:00 Altar of Kings
Chat log
(00:08 / All) IM-FAT-SO-WHAT: IM TIRED OF THIS MAP GOD
(00:09 / All) Lenin: The People must have faith in the Party.
(00:13 / All) Lenin: Victory will belong only to those who have faith in the people
(00:16 / All) WeirdAl: good map quit your bitchin';
(00:32 / All) WeirdAl: TAKE CARE OF THE FREEDOM THEY'LL NEVER KNOW!
(00:34 / All) Taael: i honestly dont get this map ever
(00:36 / All) Lenin: The Bolsheviks will do everything to secure this peaceful development of the revolution.
(00:55 / All) Lenin: The war is relentless: it puts the alternative in a ruthless relief
(01:40 / All) Lenin: VOROSHILOV'S WITH US AND WE'LL GLADLY SHED OUR BLOOD FOR THE SSR
(02:19 / All) Lenin: LEAD US INTO BATTLE: BUDYONNY!
(02:20 / All) Lenin: WHITE ARMY, BLACK BARON
(02:25 / All) Lenin: ALREADY WE ARE PREPARING THE THRONE
(02:29 / All) Lenin: BUT FROM THE TAIGA TO THE BRITISH SEA
(02:33 / All) Lenin: THE RED ARMY IS THE STRONGEST!
(03:52 / Allies) The_Iron-Dagger: fuck
(04:02 / All) The_Iron-Dagger: ops
(04:03 / All) The_Iron-Dagger: LOL
(04:32 / Allies) The_Iron-Dagger: creep it
(05:05 / Allies) Lenin: not my base, get the choke
(06:43 / Allies) IM-FAT-SO-WHAT: wood
(07:00 / Allies) The_Iron-Dagger: 500g no units building?
(07:30 / Allies) Lenin: tower here if you can
(07:35 / Allies) Lenin: but not super close to creeps
(07:37 / Allies) IM-FAT-SO-WHAT: defend him
(07:54 / Allies) The_Iron-Dagger: gold wood to rebuild
(08:06 / Allies) The_Iron-Dagger: ty
(08:08 / Allies) Lenin: np
(09:30 / Allies) Lenin: bring your bm purple
(10:09 / Allies) The_Iron-Dagger: gold?
(10:23 / Allies) The_Iron-Dagger: dam
(10:37 / Allies) IM-FAT-SO-WHAT: wood
(11:09 / Allies) IM-FAT-SO-WHAT: tp
(11:09 / Allies) IM-FAT-SO-WHAT: teal
(11:43 / Allies) IM-FAT-SO-WHAT: wood teal
(12:15 / Allies) Lenin: 6 peons on gold
(12:29 / Allies) Lenin: unless it just looks bad
(13:12 / Allies) IM-FAT-SO-WHAT: once teal dies then get shit
(14:31 / Allies) IM-FAT-SO-WHAT: oops
(14:32 / Allies) IM-FAT-SO-WHAT: was that urs
(14:34 / Allies) IM-FAT-SO-WHAT: critter
(14:37 / Allies) IM-FAT-SO-WHAT: thought it was greens
(14:43 / Allies) Lenin: probably I sent out 2
(15:15 / Allies) Lenin: mass gryphons lol
(15:16 / Allies) Lenin: he sucks
(15:26 / Allies) IM-FAT-SO-WHAT: maphack?
(15:30 / Allies) IM-FAT-SO-WHAT: he knew u wer ethere
(15:34 / All) Lenin: maphack lol
(15:36 / All) Lenin: and mass gryphon
(15:39 / All) Lenin: idle in your base
(15:51 / All) Lenin: How'd you know I was there buddy?
(16:00 / All) AT2: predictions
(16:05 / All) AT2: ]im not ur buddy ok?
(16:05 / All) Lenin: Okay, buddy
(17:17 / Allies) IM-FAT-SO-WHAT: keep feeding i have bats
(17:22 / Allies) IM-FAT-SO-WHAT: ther eteal
(17:26 / Allies) IM-FAT-SO-WHAT: make urself useful
(17:41 / Allies) IM-FAT-SO-WHAT: feed me gold
(17:42 / Allies) Lenin: ivory towers as soon as I get there
(17:51 / All) Lenin: sick ivory towers son
(17:54 / All) Lenin: and preemptive militia
(20:10 / All) IM-FAT-SO-WHAT: want more bats green
(20:11 / All) IM-FAT-SO-WHAT: u nigger
(20:14 / All) AT2: yes please
(20:52 / Allies) IM-FAT-SO-WHAT: gold
(20:52 / Allies) IM-FAT-SO-WHAT: me
(22:44 / Allies) IM-FAT-SO-WHAT: gold
(22:46 / Allies) IM-FAT-SO-WHAT: so i can repair
(22:55 / Allies) IM-FAT-SO-WHAT: like 2k gold and get 2nd expo
(24:16 / All) WeirdAl: Orange you owe me 400 gold and 200 lumber
(24:35 / Allies) Lenin: wood
(24:58 / Allies) IM-FAT-SO-WHAT: hit
(25:25 / Allies) Lenin: wood
(25:59 / Allies) Lenin: check for expos
(26:00 / Allies) IM-FAT-SO-WHAT: hit orange
(26:01 / Allies) IM-FAT-SO-WHAT: moron teal
(26:02 / Allies) IM-FAT-SO-WHAT: god
(26:36 / Allies) IM-FAT-SO-WHAT: kill em towers teal
(26:46 / All) bimmer4life: be eam player bitch
(26:57 / All) Lenin: Oh?
(27:02 / All) Lenin: Tell the great Lenin more.
(27:31 / All) bimmer4life: pink has 14 k gold
(27:34 / All) Taael: pink honestly is making us lose hes hording all the money
(27:35 / All) bimmer4life: what a pussy
(27:39 / All) IM-FAT-SO-WHAT: we raped u 1v4 pink shut up
(28:02 / All) Lenin: Towers might save you from BM harass, but you shall die now, maphacker.
(28:02 / All) Taael: thanks pink we had the advantage and you made us lose l2p in a team game
(28:03 / All) WeirdAl: he fought me griffs and dragons
(28:05 / All) WeirdAl: vs chims
(29:21 / All) AT2: fuck u pink
(29:22 / All) AT2: fuck u
(29:23 / All) IM-FAT-SO-WHAT: where green griffs
(29:24 / All) IM-FAT-SO-WHAT: lawl
(29:27 / Allies) IM-FAT-SO-WHAT: no teal
(29:31 / All) IM-FAT-SO-WHAT: teal be a good boy
(31:16 / All) IM-FAT-SO-WHAT: in case u ahvent realized green
(31:19 / All) IM-FAT-SO-WHAT: we are roommates
(31:43 / All) AT2: happy to hear that bull shit
(33:27 / All) AT2: i still cant believe pink has 16k gold and hes like mehhhhhh let me make more towers
(33:39 / All) IM-FAT-SO-WHAT: shut up nigger
(33:40 / All) IM-FAT-SO-WHAT: u had no chance
(33:46 / All) Taael: actualy we really did
(33:58 / All) Lenin: Nope.
(34:05 / All) Lenin: You cannot defeat the Red Army of Lenin.
(34:05 / All) IM-FAT-SO-WHAT: MAYBE U SHOULD HAVE TKED HIM URSELF
(34:06 / All) Taael: just pink thinks he has infinint food
(34:07 / All) IM-FAT-SO-WHAT: blame urself
(34:10 / Allies) IM-FAT-SO-WHAT: for being ignorant
(34:13 / All) IM-FAT-SO-WHAT: dont blame pink
(34:25 / All) IM-FAT-SO-WHAT: i havent done shit all game
(34:27 / All) Lenin: Pink was the best player on your team.
(34:30 / All) IM-FAT-SO-WHAT: me and yellow have done jack shit
(34:40 / All) IM-FAT-SO-WHAT: except defend our base
(34:40 / All) Taael: because he is the only one capable of making units
(34:43 / All) IM-FAT-SO-WHAT: we havent even touched ur base
(35:05 / All) IM-FAT-SO-WHAT: woo hoo
(35:11 / All) IM-FAT-SO-WHAT: kodos told me he is coming back to wc3
(35:17 / All) IM-FAT-SO-WHAT: gonna level us some rt accounts
(35:23 / All) AT2: smd
(35:28 / All) Lenin: Does he watch our replays?
(35:35 / All) Lenin: Kodo is a beast, good if he's coming back
(35:37 / All) IM-FAT-SO-WHAT: no i don tthink so, maybe
(36:28 / All) Lenin: How much gold do you have, Al? The great Soviet Union has 9,700 gold coins.
(36:48 / All) AT2: LOOOOOOOOOOOOOOOOOOOOOOL
(36:52 / All) WeirdAl: they tried to backstab me!
(36:55 / All) Lenin: 10,000 now.
(36:58 / All) IM-FAT-SO-WHAT: hav eu not realized
(36:59 / All) IM-FAT-SO-WHAT: guys
(37:03 / All) IM-FAT-SO-WHAT: pink is an unstoppable force
(37:08 / All) AT2: WE DID IT
(37:09 / All) AT2: YESSSSSSSSSSSS
(37:16 / All) AT2: fuick
(37:18 / All) AT2: jack shit
(37:19 / All) AT2: HAHAHHA
(37:20 / All) AT2: HAHAHAHAHA
(37:21 / All) AT2: HAHAHAHAHAHA
(37:22 / All) AT2: hAHAHAHAHAHAHA
(37:24 / All) Taael: HE MISSCLICKED
(37:24 / All) AT2: WE DID ITTTTTTTTTTTTTTTTTTTT
(37:28 / All) AT2: CANT BE MORE HAPPPY
(37:32 / All) Taael: lOOL
(37:32 / All) AT2: LOOOOOOOOOOOOOOOOOOOOLLLLLLLLLLLLLLLL
(37:37 / All) IM-FAT-SO-WHAT: wha thapened
(37:42 / All) Taael: we killed his castle
(37:45 / All) AT2: we fken killed his castle
(37:47 / All) WeirdAl: lawl
(37:48 / All) Lenin: We shall not bind ourselves by treaties
(37:50 / All) AT2: and we was about to fail
(37:54 / All) Lenin: We shall not allow ourselves to be entangled by treaties
(37:57 / All) AT2: he atacked his own shit
(38:01 / All) WeirdAl: I had been waiting for them to do it too
(38:05 / All) Lenin: We reject all clauses on plunder and violence
(38:15 / All) Lenin: but we shall welcome all clauses containing provisions for good-neighbourly relations and all economic agreements;
(38:23 / All) Lenin: we cannot reject these.
(38:25 / All) WeirdAl: No I'm not lawl
(38:30 / All) WeirdAl: I only lose is teal leaves
(38:49 / All) Lenin: No mercy for these enemies of the people, the enemies of socialism, the enemies of the working people!
(38:49 / All) WeirdAl: notice how purple, yellow and I never once attacked each other|
(38:49 / All) Taael: YEAH PURPLE YEAH
(38:52 / All) WeirdAl: ?
(39:01 / All) Lenin: War to the death against the rich and their hangers-on, the bourgeois intellectuals;
(39:06 / All) Lenin: war on the rogues, the idlers and the rowdies!
(39:17 / All) Lenin:
(39:46 / All) Lenin: We shall not achieve socialism without a struggle. But we are ready to fight, we have started it
(39:49 / All) IM-FAT-SO-WHAT: me and yellow 2v4'd ur shitty team
(39:51 / All) IM-FAT-SO-WHAT: u guys sure do suck
(39:53 / All) Lenin: and we shall finish it with the aid of an apparatus called the Soviets!
(40:08 / All) Taael: honestly what is yellow talking about i havent payed attention
(40:13 / All) Lenin: GREEN, ARE YOU A BOLSHEVIK OR A WHITE ARMY SOLDIER?
(40:20 / All) Lenin: THE SOVIET UNION DOES NOT ACCEPT THE WHITE MOVEMENT.
(40:24 / All) Lenin: GET OUT OF HERE, FASCIST!
(40:27 / All) AT2: I AM A WHITE SOLDIER
(40:44 / All) Taael: DONT DO IT
(40:47 / All) Taael: DONT DO IT PURPLE
(40:48 / All) Lenin: THEN DEATH TO YOU! WHITE ARMY, BLACK BARON! FROM THE TAIGA TO THE BRITISH SEAS, THE RED ARMY IS THE STRONGEST!
(40:49 / All) IM-FAT-SO-WHAT: this god damn map neds like
(40:52 / All) IM-FAT-SO-WHAT: 00 more trees
(41:04 / All) WeirdAl: it has perfect amount of tree then|?
(41:27 / All) AT2: red
(41:30 / All) AT2: share units control
(41:34 / All) Lenin: Hang (hang without fail, so the people see) no fewer than one hundred known kulaks, rich men, bloodsuckers.
(42:59 / All) IM-FAT-SO-WHAT: im gonna thumbs down this map, there is a huge lack of trees
(43:08 / All) Taael: CUT THEM ALL DOWN
(43:17 / All) Lenin: Marx said that the revolutionary dictatorship of the proletariat lies between capitalism and communism.
(43:20 / All) WeirdAl: I have 6k lumbe
(43:24 / All) WeirdAl: quit your belly aching
(43:31 / All) Taael: so why havent u guys killed pink yet?
(43:36 / All) IM-FAT-SO-WHAT: WE TOLD U MORON
(43:46 / All) IM-FAT-SO-WHAT: we are homosexual lovers
(43:50 / All) Taael: thats cool
(44:07 / All) Lenin: The Red Terror will strike when it is necessary. We shall not use the power before it is needed.
(44:32 / All) Taael: you know pink has expanded where teal was right?
(44:33 / All) IM-FAT-SO-WHAT: permission to kill ur towers pink?
(45:34 / All) IM-FAT-SO-WHAT: teal is still here
(45:50 / All) WeirdAl: yeah teal's gotat lose
(45:53 / All) Lenin: Teal is 1-4
(45:55 / All) Lenin: What a beast
(46:03 / All) IM-FAT-SO-WHAT: i think green should
(46:10 / All) WeirdAl: they all have bad records
(46:31 / All) WeirdAl: Teal gotta lose unless he leaves
(47:17 / All) WeirdAl: leave teal and you won't go 1-5
(47:27 / All) IM-FAT-SO-WHAT: teal was so god damn useless
(47:41 / All) IM-FAT-SO-WHAT: i at least batted green and prevented red from expoing
(47:44 / All) WeirdAl: they couldnb't get past teal tho
(47:51 / All) IM-FAT-SO-WHAT: that is true
(47:52 / All) WeirdAl: teal helped me get level 56
(47:53 / All) WeirdAl: 6
(47:55 / All) IM-FAT-SO-WHAT: teal served a purpose
(48:03 / All) IM-FAT-SO-WHAT: not useless jus tignorant
(48:57 / Allies) NOOBIEONEKONOBI: damn i done smoked some weed and a cigeratte figued yall be done by now
(49:07 / All) Lenin: Leave and you get a tie
(49:09 / All) Lenin: Stay and you get a loss
(49:11 / All) Lenin: Okay?
(49:24 / All) IM-FAT-SO-WHAT: no
(49:29 / All) IM-FAT-SO-WHAT: i was talking to his hignes
(49:41 / All) IM-FAT-SO-WHAT: woot
(49:43 / All) Lenin: Your side gets the loss?
(49:46 / All) IM-FAT-SO-WHAT: green loses